 Dungeon Crawl Stone Soup version 0.30.1-6-gbe392663c4 (webtiles) character file.

Game seed: 5748763568138365309

881 safid the Chiller (level 8, -5/52 (61) HPs)
             Began as a Merfolk Ice Elementalist on Sept 20, 2023.
             Was a Follower of Vehumet.
             Slain by a wight
             ... wielding a +4 great sword
              (15 damage)
             ... on level 6 of the Dungeon.
             The game lasted 00:08:39 (4907 turns).

safid the Chiller (Merfolk Ice Elementalist)        Turns: 4907, Time: 00:08:40

HP:   -5/52 (61)    AC: 11    Str:  8    XL:     8   Next: 5%
MP:   4/14          EV: 14    Int: 16    God:    Vehumet [*.....]
Gold: 504           SH:  0    Dex: 15    Spells: 9/16 levels left

rFire   . . .        u - +1 long sword (elec)
rCold   + + .        (no shield)
rNeg    . . .        q - +1 robe {rC+}
rPois   .            x - +0 helmet
rElec   .            (no cloak)
rCorr   +            (no gloves)
SInv    .            (no boots)
Will    .....        (no amulet)
Stlth   ++           e - ring of resist corrosion
HPRegen 0.28/turn    o - ring of protection from cold
MPRegen 0.14/turn

%: no passive effects
@: ice-armoured, freezing walls, heavily drained
A: (nimble swimmer 2), mertail
a: Renounce Religion


You were on level 6 of the Dungeon.
You worshipped Vehumet.
Vehumet was aware of your devotion.
You visited 2 branches of the dungeon, and saw 7 of its levels.
You also visited: Ossuary.

You collected 504 gold pieces.

Inventory:

Hand Weapons
 u - a +1 long sword of electrocution (weapon)
Missiles
 t - a throwing net
Armour
 q - a +1 robe of cold resistance (worn)
 x - a +0 helmet (worn)
Jewellery
 e - a ring of resist corrosion (left hand)
 o - a ring of protection from cold (right hand)
 w - a ring of ice
Wands
 d - a wand of polymorph (6)
 l - a wand of iceblast (7)
 n - a wand of digging (7)
Scrolls
 j - 3 scrolls of fog
 k - a scroll of torment {unknown}
 p - 3 scrolls of teleportation
 v - a scroll of fear {unknown}
 y - a scroll of identify
 B - a scroll of enchant armour {unknown}
Potions
 a - a potion of degeneration {unknown}
 b - 2 potions of magic
 c - a potion of cancellation {unknown}
 f - 2 potions of haste {unknown}
 g - 3 potions of brilliance {unknown}
 h - 2 potions of curing
 i - a potion of might {unknown}
 m - 2 potions of flight {unknown}
 r - 3 potions of heal wounds {unknown}
 s - 2 potions of invisibility {unknown}
 z - 2 potions of lignification {unknown}
 A - a potion of mutation {unknown}


   Skills:
 + Level 4.7 Fighting
 + Level 5.7 Dodging
 - Level 2.1 Stealth
 + Level 4.5 Spellcasting
 + Level 6.6 Ice Magic


You had 9 spell levels left.
You knew the following spells:

 Your Spells              Type           Power      Damage    Failure   Level
a - Freeze                Ice            100%       1d10      1%          1
b - Frozen Ramparts       Ice            50%        1d8       3%          3
c - Ozocubu's Armour      Ice            25%        N/A       3%          3

Your spell library contained the following spells:

 Spells                   Type           Power      Damage    Failure   Level
 Kiss of Death            Conj/Necr      12%        2d6       16%         1
 Summon Ice Beast         Ice/Summ       14%        N/A       38%         4


Dungeon Overview and Level Annotations

Branches:
Dungeon (6/15)             Temple (1/1) D:4         Ossuary (visited)

Altars:
Ashenzari
Cheibriados
Fedhas
Gozag
Hepliaklqana
Okawaru
Qazlal
Ru
Vehumet
Wu Jian

Annotations:
D:5 3 runed translucent doors, Lenny's ghost, amateur FoEE


Innate Abilities, Weirdness & Mutations

((You are very nimble when in or above water. (Stealth+, EV+, Speed+++)))
Your lower body shifts to a powerful aquatic tail in water.


Message History

The wall freezes the wight but does no damage.
The wight completely resists.
The wall freezes the wight but does no damage. x2
The wight hits you with a +4 great sword!
* * * LOW HITPOINT WARNING * * *
You feel drained.
* * * LOW HITPOINT WARNING * * *
You feel better.
The wall freezes the wight but does no damage.
The wight completely resists.
The wall freezes the wight but does no damage.
The wight completely resists.
The wall freezes the wight but does no damage.
The wight barely misses you.
Unknown command.
You barely miss the wight.
The wight is heavily damaged.
The frozen ramparts melt away.
The wight misses you.
Unknown command.
Casting: Frozen Ramparts (dangerous; 3% risk of failure)
Confirm with . or Enter, or press ? or * to list all spells.
Casting: Frozen Ramparts (dangerous; 3% risk of failure)
Press: ? - help, Dir - look around, f - activate The walls around you are covered in ice.
The wight completely resists.
The wall freezes the wight but does no damage.
The wight completely resists.
The wall freezes the wight but does no damage. x2
The wight hits you with a +4 great sword.
* * * LOW HITPOINT WARNING * * *
Unknown command.
Unknown command.
You hit the wight.
The wight is heavily damaged.
The wight completely resists.
The wall freezes the wight but does no damage.
The wight completely resists.
The wall freezes the wight but does no damage. x2
The wight hits you with a +4 great sword!
You die...

##.##..# #.#
#####.##..##.# ###
#......#....###..
#.#.....#.##.#.#
#.........###.#
##......### #.#
#.#...## #.#
#.##.## #.# #. #.#
#@# #
..#######z#####.##
####......zz.......
#.##....8.....#
##......##.#
##8...8# #.....#
#..8..# #######


You could see 3 wights.

Vanquished Creatures
  Sigmund (D:4)
  A phantom (D:5)
  A scorpion (D:5)
  A jelly (D:5)
  A hound (D:5)
  3 orc priests
  2 sleepcaps (D:5)
  2 iguanas
  An orc wizard (D:6)
  8 mummies (Ossuary)
  3 gnolls (D:6)
  8 adders
  A shadow imp (D:5)
  2 worms
  15 orcs
  5 endoplasms
  A gnoll zombie (Ossuary)
  4 goblins
  5 hobgoblins
  3 jackals (D:4)
  3 quokkas
  6 ball pythons
  3 bats
  4 frilled lizards
  8 kobolds
  3 kobold zombies (Ossuary)
  4 orc zombies (Ossuary)
  5 rats
104 creatures vanquished.

Notes
Turn   | Place    | Note
-------+----------+-------------------------------------------
     0 | D:1      | safid the Merfolk Ice Elementalist began the quest for the
                  | Orb.
     0 | D:1      | Reached XP level 1. HP: 13/13 MP: 3/3
   246 | D:1      | Reached XP level 2. HP: 18/20 MP: 5/5
   284 | D:1      | Reached skill level 1 in Fighting
   612 | D:2      | Reached XP level 3. HP: 26/26 MP: 1/6
   616 | D:2      | Learned a level 3 spell: Frozen Ramparts
   777 | D:2      | Found a faded altar of an unknown god.
  1218 | D:3      | Reached skill level 5 in Ice Magic
  1222 | D:3      | Learned a level 3 spell: Ozocubu's Armour
  1283 | D:3      | Reached XP level 4. HP: 31/33 MP: 8/8
  1433 | D:3      | Found a broken altar of Ashenzari.
  2319 | D:4      | Found a staircase to the Ecumenical Temple.
  2348 | D:4      | Noticed Sigmund
  2382 | D:4      | Killed Sigmund
  2383 | D:4      | Reached XP level 5. HP: 15/41 MP: 0/10
  2383 | D:4      | Reached XP level 6. HP: 17/47 MP: 0/11
  2393 | Temple   | Entered the Ecumenical Temple
  2505 | Temple   | Became a worshipper of Vehumet
  2775 | D:4      | Found a snail-covered altar of Cheibriados.
  3222 | D:5      | Entered Level 5 of the Dungeon
  3222 | D:5      | Found a runed translucent gate.
  3222 | D:5      | Found a runed translucent gate.
  3222 | D:5      | Found a runed translucent gate.
  3222 | D:5      | Found an opulent altar of Gozag.
  3223 | D:5      | Noticed Lenny's ghost (amateur FoEE)
  3675 | D:5      | Reached skill level 6 in Ice Magic
  3675 | D:5      | Reached XP level 7. HP: 53/53 MP: 6/12
  4040 | D:5      | Reached skill level 5 in Dodging
  4406 | D:6      | Reached * piety under Vehumet
  4406 | D:6      | Offered knowledge of Kiss of Death by Vehumet.
  4449 | D:6      | Found a sand-covered staircase.
  4458 | Ossuary  | Entered an ossuary
  4695 | Ossuary  | Reached XP level 8. HP: 50/61 MP: 11/14
  4907 | D:6      | Slain by a wight

Illustrated notes

Levels and vault maps discovered:
D:1:      dpeg_arrival_connections, layout_rooms, amcnicky_mini_pool_small
D:2:      layout_basic, basic_ecumenical_altar, minmay_misc_feat_cross,
          hangedman_abyss_or_decor_lesser_grid
D:3:      layout_loops_ring, ashenzari_altar_1, chequers_jeans,
          kennysheep_generic_room_2
D:4:      layout_loops_corners, slow_altar_2, minmay_temple_entry_overgrown,
          uniq_sigmund
D:5:      layout_loops_ring, ebering_ghost_gozag
D:6:      layout_loops_ring, nicolae_ossuary_entry_monument
Temple:   nicolae_temple_ecumenical_triangle

Skill      XL: |  1  2  3  4  5  6  7 |
---------------+----------------------+-----
Fighting       | 1 2 3 4 |  4.7
Ice Magic      | 5 6 |  6.6
Dodging        | 3 4 5 |  5.7
Spellcasting   | 3 4 |  4.5
Stealth        | |  2.1

Action                     |  1- 3 |  4- 6 |  7- 9 || total
---------------------------+-------+-------+-------++-------
  Melee: Unarmed           |    19 |       |       ||    19
         Short sword       |    63 |    15 |       ||    78
         Whip              |       |   106 |       ||   106
         Punch             |       |     1 |       ||     1
         Long sword        |       |     1 |    81 ||    82
   Cast: Freeze            |    23 |     5 |       ||    28
         Frozen Ramparts   |       |     6 |     8 ||    14
         Ozocubu's Armour  |       |     6 |    15 ||    21
    Use: Potion            |       |     2 |     2 ||     4
         Scroll            |       |       |     3 ||     3
   Stab: Sleeping          |     5 |     5 |     1 ||    11
 Armour: Robe              |    37 |    32 |    19 ||    88
  Dodge: Dodged            |    80 |    89 |    58 ||   227
